 Dungeon Crawl Stone Soup version 0.31-a0-236-g9a0961fb85 (webtiles) character file.

Game seed: 1260604943877026335

58 qw the Shooter (level 3, -8/29 HPs)
             Began as a Minotaur Hexslinger on July 10, 2023.
             Mangled by Terence
             ... wielding a +0 flail
              (10 damage)
             ... on level 2 of the Dungeon.
             The game lasted 00:00:31 (1105 turns).

qw the Shooter (Minotaur Hexslinger)                Turns: 1105, Time: 00:00:32

Health: -8/29      AC:  5    Str: 12    XL:     3   Next: 75%
Magic:  3/3        EV: 11    Int: 10    God:
Gold:   53         SH:  0    Dex: 14    Spells: 3/4 levels left

rFire   . . .        Y - +2 sling
rCold   . . .        (no shield)
rNeg    . . .        i - +0 ring mail
rPois   .            (helmet restricted)
rElec   .            (no cloak)
rCorr   .            (no gloves)
SInv    .            (no boots)
Will    .....        j - amulet of faith
Stlth   +            (no ring)
HPRegen 0.24/turn    (no ring)
MPRegen 0.08/turn

%: faith
@: no status effects
A: horns 2, retaliatory headbutt
a: no special abilities


You were on level 2 of the Dungeon.
You visited 1 branch of the dungeon, and saw 2 of its levels.

You collected 53 gold pieces.


Innate Abilities, Weirdness & Mutations

You have a pair of horns on your head.
You reflexively headbutt those who attack you in melee.


   Skills:
 - Level 2.1 Fighting
 - Level 4.1 Ranged Weapons
 + Level 0.8 Armour
 - Level 2.1 Dodging
 - Level 1.0 Spellcasting
 - Level 2.0 Hexes


You had 3 spell levels left.
You knew the following spells:

 Your Spells              Type           Power      Damage    Failure   Level
a - Slow                  Hex            16%        N/A       34%         1

Your spell library contained the following spells:

 Spells                   Type           Power      Damage    Failure   Level
 Inner Flame              Hex/Fire       2%         N/A       83%         3
 Portal Projectile        Hex/Tloc       4%         N/A       83%         3
 Cause Fear               Hex            2%         N/A       98%         4

Inventory:

Hand Weapons
 Y - a +2 sling (weapon)
Armour
 i - a +0 ring mail (worn)
Jewellery
 j - an amulet of faith (around neck)
Scrolls
 a - a scroll of identify
Potions
 d - a potion of haste
 g - a potion of heal wounds {unknown}
 h - 2 potions of might
 k - a potion of lignification {unknown}
 l - a potion of curing

Dungeon Overview and Level Annotations

Branches:
Dungeon (2/15)

Altars:

Annotations:
D:2 Terence


Message History

Terence the Incautious comes into view.
He is wielding a +0 flail.
Terence shouts!
Terence says, "Don't bother to defend, it's useless."
You shoot a sling bullet. The sling bullet hits Terence.
Terence is lightly wounded.
You shoot a sling bullet.
The sling bullet hits Terence but does no damage.
Terence is lightly wounded.
You shoot a sling bullet. The sling bullet hits Terence.
Terence is lightly wounded.
Terence barely misses you.
You shoot a sling bullet. The sling bullet hits Terence.
Terence is moderately wounded.
Terence closely misses you.
You shoot a sling bullet.
The sling bullet closely misses Terence.
Terence hits you with a +0 flail! Terence closely misses you.
You shoot a sling bullet.
The sling bullet closely misses Terence.
Terence barely misses you. You furiously retaliate!
You headbutt Terence, but do no damage. You shoot a sling bullet.
The sling bullet barely misses Terence.
Terence misses you.
You shoot a sling bullet. The sling bullet barely misses Terence.
Terence hits you with a +0 flail. x2
You shoot a sling bullet. The sling bullet hits Terence.
Terence is moderately wounded.
Terence hits you with a +0 flail.
You shoot a sling bullet.
The sling bullet hits Terence but does no damage.
Terence is moderately wounded.
Terence hits you with a +0 flail.
You shoot a sling bullet. The sling bullet hits Terence.
Terence is heavily wounded.
Terence hits you with a +0 flail.
You shoot a sling bullet.
The sling bullet hits Terence but does no damage.
Terence is heavily wounded.
Terence barely misses you. Terence hits you with a +0 flail!
You die...

#............ ..#
#.#..##...... #.#
#.#>%##...... ...
#.......#####
####.# ###..####
....# #..##### #..#
#....%.#
#..######...##.#
#.@.........##.####
#@#######.........#
#. ###.##.##.# ..
#.##<.... #.#
#.#####.# #.
#.#####.# #.
#.......# .#
#########


You could see Terence.

Vanquished Creatures
  An adder (D:2)
  A dart slug (D:1)
  8 bats
  3 endoplasms (D:1)
  2 giant cockroaches (D:1)
  2 goblins (D:1)
  4 hobgoblins
  12 jackals
  A quokka (D:1)
  2 ball pythons (D:1)
  2 frilled lizards (D:1)
38 creatures vanquished.

Notes
Turn   | Place    | Note
-------+----------+-------------------------------------------
     0 | D:1      | qw the Minotaur Hexslinger began the quest for the Orb.
     0 | D:1      | Reached XP level 1. HP: 16/16 MP: 1/1
     0 | D:1      | 0 ||| qw: Version: 0.3-a-51-g015441d
     0 | D:1      | 0 ||| qw: Game counter: 4465
     0 | D:1      | 0 ||| qw: Melee chars always use a shield: true
     0 | D:1      | 0 ||| qw: God list: Okawaru
     0 | D:1      | 0 ||| qw: Allow faded altars: false
     0 | D:1      | 0 ||| qw: Do Orc after clearing Dungeon:15 true
     0 | D:1      | 0 ||| qw: Do second Lair branch before Depths: true
     0 | D:1      | 0 ||| qw: Lair rune preference: random
     0 | D:1      | 0 ||| qw: Goals: Normal
     0 | D:1      | 0 ||| PLANNING D:1-11
   146 | D:1      | Reached skill level 3 in Ranged Weapons
   146 | D:1      | Reached XP level 2. HP: 21/23 MP: 2/2
   343 | D:1      | Reached XP level 3. HP: 29/29 MP: 3/3
   877 | D:1      | 877 ||| UPGRADING to +0 ring mail.
   887 | D:1      | 887 ||| DROPPING +0 robe.
   888 | D:1      | 888 ||| UPGRADING to amulet of faith.
   893 | D:1      | 893 ||| READING 3 scrolls labelled VOSAON TECA.
   894 | D:1      | 894 ||| READING scroll labelled ZER HEOWKE.
   895 | D:1      | 895 ||| READING scroll labelled ROPSOY COBO.
   896 | D:1      | 896 ||| READING scroll labelled GEMORH FESELL.
   897 | D:1      | 897 ||| DRINKING 2 red potions.
   898 | D:1      | 898 ||| DRINKING 2 viscous white potions.
   899 | D:1      | 899 ||| READING 2 scrolls of identify.
   899 | D:1      | 899 ||| IDENTIFYING blue potion
   900 | D:1      | 900 ||| DROPPING scroll of poison.
   965 | D:2      | Reached skill level 4 in Ranged Weapons
  1093 | D:2      | Noticed Terence
  1103 | D:2      | HP: 7/29 [Terence/+0 flail (4)]
  1104 | D:2      | HP: 1/29 [Terence/+0 flail (6)]
  1105 | D:2      | Mangled by Terence

Levels and vault maps discovered:
D:1:      nicolae_arrival_somewhat_less_tricky_arrival, layout_loops_cross,
          chequers_arboretum
D:2:      layout_loops_cross, serial_shops, nicolae_shop_industrial_runoff,
          nicolae_grassy_gnolls, uniq_terence

Skill      XL: |  1  2  3 |
---------------+----------+-----
Ranged Weapons | 3 4 |  4.1
Fighting       | 2 |  2.1
Armour         | |  0.8
Dodging        | |  2.1
Spellcasting   | |  1.0
Hexes          | |  2.0

Action                     || total
---------------------------++-------
   Fire: Sling             ||   137
    Use: Scroll            ||     5
         Potion            ||     2
 Armour: Robe              ||    13
         Ring mail         ||    10
  Dodge: Dodged            ||    67

Table legend:
 A = Non-vault XP
 B = Vault XP
 C = Vault XP percentage of total XP
 D = Non-vault monster count
 E = Vault monster count
 F = Vault count percentage of total count
                 A         B        C        D         E       F
            +---------+---------+-------+---------+---------+-------
      Total |      83 |       0 |   0.0 |      38 |       0 |   0.0
            +---------+---------+-------+---------+---------+-------
        D:1 |      57 |       0 |   0.0 |      30 |       0 |   0.0
        D:2 |      26 |       0 |   0.0 |       8 |       0 |   0.0
            +---------+---------+-------+---------+---------+-------
